 Dungeon Crawl Stone Soup version 0.29-a0-352-g0917bc69df (webtiles) character file.

Game seed: 8109326163456628884

44 avis the Chopper (level 3, -4/33 HPs)
             Began as a Hill Orc Monk on Apr 23, 2022.
             Slain by an iguana (6 damage)
             ... on level 2 of the Dungeon.
             The game lasted 00:04:47 (1070 turns).

avis the Chopper (Hill Orc Monk)                    Turns: 1070, Time: 00:04:49

Health: -4/33      AC:  3    Str: 15    XL:     3   Next: 62%
Magic:  3/3        EV: 12    Int: 10    God:
Gold:   68         SH:  0    Dex: 13    Spells: 2/2 levels left

rFire   . . .      SeeInvis .   a - +0 hand axe
rCold   . . .      Faith    .   (no shield)
rNeg    . . .      Spirit   .   b - +0 robe
rPois   .          Reflect  .   (no helmet)
rElec   .          Harm     .   (no cloak)
rCorr   .          Rampage  .   d - +0 pair of gloves
Will    .....                   (no boots)
Stlth   ++........              (no amulet)
HPRegen 0.11/turn               (no ring)
MPRegen 0.08/turn               (no ring)

@: lethally poisoned (-4 -> -5)
A: no striking features
a: no special abilities


You were on level 2 of the Dungeon.
You visited 1 branch of the dungeon, and saw 2 of its levels.

You collected 68 gold pieces.

Inventory:

Hand Weapons
 a - a +0 hand axe (weapon)
 l - a +1 dagger of draining
Missiles
 i - 16 stones (quivered)
 n - 2 poisoned darts
Armour
 b - a +0 robe (worn)
 d - a +0 pair of gloves (worn)
Scrolls
 f - 3 scrolls of identify {unknown}
 g - a scroll of teleportation {unknown}
 h - a scroll of torment {unknown}
 m - a scroll of holy word {unknown}
Potions
 c - a potion of ambrosia
 e - a potion of heal wounds {unknown}
 j - a potion of curing {unknown}
 k - a potion of attraction {unknown}


   Skills:
 + Level 4.0 Fighting
 * Level 5.7 Axes
 - Level 2.4 Dodging
 - Level 1.5 Stealth


You had 2 spell levels left.
You didn't know any spells.
Your spell library contained the following spells:

 Spells                   Type           Power      Damage    Failure   Level
 Ensorcelled Hibernation  Hex/Ice        0%         N/A       50%         2
 Passwall                 Tmut/Erth      0%         N/A       50%         2
 Spider Form              Tmut/Pois      0%         N/A       75%         3
 Swiftness                Air            0%         N/A       75%         3
 Anguish                  Hex/Necr       0%         N/A       98%         4


Dungeon Overview and Level Annotations

Branches:
Dungeon (2/15)

Altars:

Shops:
D:2 =


Message History

The adder is lightly wounded.
You barely miss the iguana.
You feel sick. The iguana barely misses you.
The adder bites you but does no damage.
You barely miss the adder.
The adder is lightly wounded.
You hit the iguana but do no damage.
You feel sick. The adder misses you. The iguana closely misses you.
The adder bites you.
You are more poisoned.
The adder poisons you!
You miss the adder.
The adder is lightly wounded.
You hit the iguana.
You feel sick.
The iguana bites you but does no damage.
The adder bites you but does no damage.
You closely miss the adder.
The adder is lightly wounded.
You hit the iguana.
You feel sick. The iguana bites you. The adder closely misses you.
You miss the adder.
The adder is lightly wounded.
You hit the iguana but do no damage.
You feel sick. The adder barely misses you. The iguana closely misses you.
The adder bites you but does no damage. The iguana bites you.
You barely miss the adder.
The adder is lightly wounded.
You hit the iguana.
You feel sick. The adder bites you but does no damage. The iguana bites you.
You miss the adder.
The adder is lightly wounded.
You hit the iguana but do no damage.
You feel sick. The adder bites you. The iguana bites you!
* * * LOW HITPOINT WARNING * * *
You hit the adder.
The adder is heavily wounded.
You closely miss the iguana.
You feel sick. The adder bites you.
* * * LOW HITPOINT WARNING * * *
The adder bites you but does no damage.
An adder comes into view.
The iguana bites you.
You die...

#
#.####
#.#...
....#
#..#
#S@#
#.l#
.....
###..##
#.## #.
#. #S


You could see an iguana and 2 adders.

Vanquished Creatures
  An adder (D:2)
  A dart slug (D:1)
  2 ball pythons (D:1)
  3 endoplasms
  A giant cockroach (D:1)
  A hobgoblin (D:1)
  6 jackals (D:1)
  A quokka (D:1)
  2 bats (D:1)
  2 frilled lizards (D:1)
  2 goblins (D:1)
  5 kobolds (D:1)
  3 rats (D:1)
30 creatures vanquished.

Notes
Turn   | Place    | Note
-------+----------+-------------------------------------------
     0 | D:1      | avis the Hill Orc Monk began the quest for the Orb.
     0 | D:1      | Reached XP level 1. HP: 19/19 MP: 1/1
    73 | D:1      | Reached XP level 2. HP: 23/26 MP: 2/2
    85 | D:1      | Reached skill level 5 in Axes
   382 | D:1      | Reached XP level 3. HP: 33/33 MP: 3/3
   797 | D:2      | Found Yskur's Jewellery Boutique.
  1070 | D:2      | Slain by an iguana

Illustrated notes

Levels and vault maps discovered:
D:1:      matt_arrival_grand_opening, layout_rooms, minmay_pentomino_w2
D:2:      layout_loops_ring, serial_shops, nicolae_shop_behind_doors,
          nicolae_shop_hallway_stairs, nicolae_shop_advertising_works
          [nicolae_subvault_shop_adworks], nicolae_diamond_shop,
          nicolae_shop_statue_plus, basic_altar

Skill      XL: |  1  2  3 |
---------------+----------+-----
Axes           | 5 |  5.7
Fighting       | 4 |  4.0
Dodging        | |  2.4
Stealth        | |  1.5

Action                   || total
-------------------------++-------
Melee: Hand axe          ||   105
       Punch             ||     1
 Stab: Sleeping          ||     2
Armor: Robe              ||    34
Dodge: Dodged            ||    64

Table legend: (Time is in decaauts)
 A = Elapsed time spent in this place.
 B = Non-inter-level travel time spent in this place.
 C = Inter-level travel time spent in this place.
 D = Time resting spent in this place.
 E = Time spent auto-exploring this place.
 F = Levels seen in this place.
 G = Mean time per level.
                   A        B        C        D        E       F      G
               +--------+--------+--------+--------+--------+-----+--------+
         Total |   1077 |    988 |     89 |    363 |    304 |   2 |  538.5 |
       Dungeon |   1077 |    988 |     89 |    363 |    304 |   2 |  538.5 |
               +--------+--------+--------+--------+--------+-----+--------+

Top non-repeatable levels by time:
     D:1: 1001 daAuts
     D:2: 75 daAuts
